 Dungeon Crawl Stone Soup version 0.20.1-1-g8b1a95d66d (webtiles) character file.

1005 Jerry the Cudgeler (level 8, -12/70 HPs)
             Began as a Ghoul Fighter on Nov 14, 2017.
             Mangled by an orc warrior
             ... wielding a +0 war axe
              (18 damage)
             ... on level 6 of the Dungeon.
             The game lasted 00:17:12 (5404 turns).

Jerry the Cudgeler (Ghoul Fighter)                  Turns: 5404, Time: 00:17:13

Health: -12/70     AC: 17    Str: 25    XL:     8   Next: 20%
Magic:  7/7        EV:  8    Int:  5    God:
Gold:   275        SH:  0    Dex: 11    Spells: 7/7 levels left

rFire    . . .     SeeInvis .   a - +1 flail
rCold    + . .     Gourm    .   (no shield)
rNeg     + + +     Faith    .   u - +1 chain mail
rPois    ∞         Spirit   .   D - +2 helmet
rElec    .         Reflect  .   (no cloak)
rCorr    .         Harm     .   e - +0 pair of gloves
MR       .....                  (no boots)
Stlth    ..........             (no amulet)
Regen    0.0/turn               x - +2 ring of protection
MPRegen  0.1/turn               b - +3 ring of dexterity

@: mighty, rotting
A: rotting body, claws 1, carnivore 3, cold resistance 1, negative energy
resistance 3, inhibited regeneration, torment resistance, unbreathing
a: no special abilities


You were on level 6 of the Dungeon.
You were not hungry.

You visited 1 branch of the dungeon, and saw 6 of its levels.
You also visited: Sewer.

You collected 275 gold pieces.

Inventory:

Hand Weapons
 a - a +1 flail (weapon)
 h - a +3 hunting sling
Missiles
 p - 26 sling bullets
 y - 113 stones (quivered)
Armour
 c - a +0 shield
 e - a +0 pair of gloves (worn)
 u - a +1 chain mail (worn)
 D - a +2 helmet (worn)
Jewellery
 b - a +3 ring of dexterity (right hand)
 n - an uncursed amulet of magic regeneration {unknown}
 x - a +2 ring of protection (left hand)
Scrolls
 j - a scroll of identify
 k - 2 scrolls of enchant weapon
 r - 2 scrolls of teleportation
 t - 5 scrolls of remove curse
 z - a scroll of enchant armour
Potions
 l - a potion of haste {unknown}
 m - 4 potions of curing {unknown}
 s - 3 potions of lignification {unknown}
 w - a potion of heal wounds {unknown}
 C - a potion of resistance {unknown}
Books
 g - a book of Necromancy

   Spells                             Type                      Level
   a - Pain                           Necromancy                   1
   b - Animate Skeleton               Necromancy                   1
   c - Vampiric Draining              Necromancy                   3
   d - Regeneration                   Charms/Necromancy            3
   e - Animate Dead                   Necromancy                   4
   f - Control Undead                 Necromancy                   4
 i - a book of Maledictions

   Spells                             Type                      Level
   a - Corona                         Hexes                        1
   b - Ensorcelled Hibernation        Hexes/Ice                    2
   c - Confuse                        Hexes                        3
   d - Tukima's Dance                 Hexes                        3
   e - Dazzling Spray                 Conjuration/Hexes            3
 A - a book of Minor Magic

   Spells                             Type                      Level
   a - Magic Dart                     Conjuration                  1
   b - Blink                          Translocation                2
   c - Call Imp                       Summoning                    2
   d - Slow                           Hexes                        2
   e - Conjure Flame                  Conjuration/Fire             3
   f - Mephitic Cloud                 Conjuration/Poison/Air       3
Comestibles
 f - 3 meat rations


   Skills:
 + Level 5.8 Fighting
 * Level 6.3 Maces & Flails
 + Level 5.0 Armour
 - Level 2.6 Shields


You had 7 spell levels left.
You didn't know any spells.

Dungeon Overview and Level Annotations

Branches:
Dungeon (6/15)
 Temple: D:4-7

Altars:

Shops:
D:6 [


Innate Abilities, Weirdness & Mutations

Your body is rotting away.
You thrive on raw meat.
You are immune to poison.
You have sharp fingernails.
You are carnivorous and can eat meat at any time.
Your flesh is cold resistant. (rC+)
You are immune to negative energy. (rN+++)
You do not regenerate when monsters are visible.
You are immune to unholy pain and torment.
You can survive without breathing.


Message History

Your chain mail prevents you from hitting the orc warrior.
The orc warrior is severely wounded.
The orc warrior barely misses you.
You closely miss the orc warrior.
The orc warrior is severely wounded.
The orc warrior hits you with a war axe!
* * * LOW HITPOINT WARNING * * *
You barely miss the orc warrior.
The orc warrior is severely wounded.
The orc warrior barely misses you.
You hit the orc warrior.
The orc warrior is almost dead.
The orc warrior closely misses you.
You hit the orc warrior.
The orc warrior is almost dead.
The orc warrior closely misses you.
You completely miss the orc warrior.
The orc warrior is almost dead.
The orc warrior hits you with a war axe!!
You die...

# #. #
#.###########
#.#......@ooo.#
#.#....######.#
#.......#
###....8#
#...#.# #...#.#
#....∩#
######..#.#
#.......#.#


You could see an orc warrior and 2 orcs.

Vanquished Creatures
  Grinder (D:5)
  An ogre (D:5)
  A bullfrog (Sewer)
  2 howler monkeys
  2 orc priests
  A hound (D:5)
  A bullfrog skeleton (D:4)
  Jessica (D:3)
  2 orc wizards
  2 worker ants (D:4)
  A killer bee zombie (D:5)
  A hound skeleton (D:4)
  Robin (D:3)
  13 adders
  2 howler monkey skeletons
  A river rat (D:3)
  An ooze (D:5)
  An adder skeleton (D:5)
  4 worms
  A dart slug (D:4)
  6 leopard geckos
  15 orcs
  8 bats
  8 giant cockroaches
  14 goblins
  6 hobgoblins
  5 jackals
  7 kobolds
  2 quokkas
  5 ball pythons
  13 frilled lizards
  A leopard gecko skeleton (D:4)
  A leopard gecko zombie (D:4)
  11 rats
142 creatures vanquished.

Vanquished Creatures (others)
  A plant (D:5)
1 creature vanquished.

Grand Total: 143 creatures vanquished

Notes
Turn   | Place    | Note
-------+----------+-------------------------------------------
     0 | D:1      | Jerry the Ghoul Fighter began the quest for the Orb.
     0 | D:1      | Reached XP level 1. HP: 19/19 MP: 0/0
    87 | D:1      | Reached skill level 2 in Maces & Flails
   108 | D:1      | Reached XP level 2. HP: 26/26 MP: 1/1
   566 | D:2      | Reached XP level 3. HP: 21/31 MP: 2/2
  1026 | D:2      | Reached skill level 3 in Maces & Flails
  1026 | D:2      | Reached XP level 4. HP: 29/40 MP: 3/3
  1729 | D:3      | Reached XP level 5. HP: 46/46 MP: 4/4
  1947 | D:3      | Noticed Jessica
  1950 | D:3      | Killed Jessica
  2069 | D:3      | Found a glowing drain.
  2075 | Sewer    | Entered a sewer
  2156 | Sewer    | Reached skill level 4 in Maces & Flails
  2331 | Sewer    | Reached XP level 6. HP: 53/53 MP: 5/5
  3101 | D:3      | Noticed Robin
  3161 | D:3      | Killed Robin
  4170 | D:4      | Reached skill level 5 in Maces & Flails
  4170 | D:4      | Reached XP level 7. HP: 48/56 MP: 6/6
  4190 | D:4      | Reached skill level 5 in Fighting
  4621 | D:5      | Entered Level 5 of the Dungeon
  4624 | D:5      | Noticed Grinder
  4624 | D:5      | Paralysed by Grinder for 6 turns
  4654 | D:5      | Paralysed by Grinder for 4 turns
  4705 | D:5      | Paralysed by Grinder for 6 turns
  4712 | D:5      | Killed Grinder
  4846 | D:5      | Reached skill level 6 in Maces & Flails
  4846 | D:5      | Reached XP level 8. HP: 51/68 MP: 7/7
  4961 | D:5      | Got a warped ring mail
  4964 | D:5      | Identified the +2 ring mail "Vyryzem" {rN+} (You found it on level 5 of the Dungeon)
  5311 | D:5      | Reached skill level 5 in Armour
  5366 | D:6      | Found Zarot's Armour Shop.
  5404 | D:6      | Mangled by an orc warrior

Skill      XL: |  1  2  3  4  5  6  7  8 |
---------------+-------------------------+-----
Maces & Flails | 2 3 4 5 6 |  6.3
Armour         | 3 4 5 |  5.0
Fighting       | 4 5 |  5.8
Shields        | |  2.6

Action                   |  1- 3 |  4- 6 |  7- 9 || total
-------------------------+-------+-------+-------++-------
Melee: Flail             |    72 |   256 |   157 ||   485
 Fire: Hunting sling     |     8 |    94 |    18 ||   120
  Use: Scroll            |       |       |     9 ||     9
       Potion            |       |       |     1 ||     1
  Eat: Chunk             |     1 |     8 |     7 ||    16
       Royal jelly       |       |     1 |       ||     1
Armor: Scale mail        |    28 |    91 |       ||   119
       Chain mail        |       |   107 |    97 ||   204
Dodge: Dodged            |    35 |   149 |    55 ||   239
